 Dungeon Crawl Stone Soup version 0.22.0 (webtiles) character file.

32 KnightedAnt the Skirmisher (level 3, 0/29 HPs)
             Began as a Formicid Abyssal Knight on Oct 30, 2018.
             Was a Follower of Lugonu.
             Succumbed to an adder's poison
             ... on level 2 of the Dungeon.
             The game lasted 00:02:16 (1266 turns).

KnightedAnt the Skirmisher (FoAK)                   Turns: 1266, Time: 00:02:17

Health: 0/29       AC:  3    Str: 17    XL:     3   Next: 42%
Magic:  5/5        EV: 11    Int: 11    God:    Lugonu [*.....]
Gold:   110        SH:  0    Dex: 10    Spells: 2/2 levels left

rFire    . . .     SeeInvis +   a - +1 mace
rCold    . . .     Gourm    .   (no shield)
rNeg     . . .     Faith    .   b - +0 leather armour
rPois    .         Spirit   .   (helmet unavailable)
rElec    .         Reflect  .   (no cloak)
rCorr    .         Harm     .   (no gloves)
MR       .....                  (no boots)
Stlth    +.........             (no amulet)
HPRegen  0.09/turn              (no ring)
MPRegen  0.09/turn              (no ring)

@: lethally poisoned (0 -> -14)
A: permanent stasis, dig shafts and tunnels, four strong arms, antennae 3
a: Dig, Shaft Self, Depart the Abyss, Renounce Religion


You were on level 2 of the Dungeon.
You worshipped Lugonu.
Lugonu was aware of your devotion.
You were hungry.

You visited 1 branch of the dungeon, and saw 2 of its levels.
You visited the Abyss 1 time.

You collected 110 gold pieces.

Inventory:

Hand Weapons
 a - a +1 mace (weapon)
Missiles
 k - 54 stones (quivered)
Armour
 b - a +0 leather armour (worn)
Jewellery
 f - a cursed -3 ring of strength {unknown}
 m - an uncursed ring of see invisible {unknown}
Scrolls
 d - 4 scrolls of identify {unknown}
 g - a scroll of fog {unknown}
 i - 4 scrolls of magic mapping {unknown}
 l - 3 scrolls of teleportation {unknown}
 o - a scroll of blinking {unknown}
 p - a scroll of fear {unknown}
 r - a scroll of amnesia {unknown}
Potions
 h - a potion of degeneration {unknown}
 n - 2 potions of flight {unknown}
 q - a potion of ambrosia {unknown}
Miscellaneous
 e - a phial of floods
Comestibles
 c - 7 rations
 j - 5 chunks of flesh


   Skills:
 + Level 3.6 Fighting
 + Level 2.3 Maces & Flails
 + Level 2.6 Armour
 + Level 1.3 Dodging
 + Level 2.7 Invocations


You had 2 spell levels left.
You didn't know any spells.
Your spell library was empty.

Dungeon Overview and Level Annotations

Branches:
Dungeon (2/15)

Altars:
Elyvilon


Innate Abilities, Weirdness & Mutations

You cannot be hasted, slowed, berserked, paralysed or teleported.
You can dig through walls and to a lower floor.
Your four strong arms can wield two-handed weapons with a shield.
You have a pair of large antennae on your head. (SInv)


Message History

You barely miss the adder.
You feel sick. The adder bites you.
* * * LOW HITPOINT WARNING * * *
You are more poisoned.
The adder poisons you! The adder bites you but does no damage.
You closely miss the adder.
* * * LOW HITPOINT WARNING * * *
You feel sick. The adder barely misses you.
Unknown command.
* * * LOW HITPOINT WARNING * * *
You feel sick. The adder closely misses you. The adder bites you.
* * * LOW HITPOINT WARNING * * *
You are more poisoned.
The adder poisons you!
* * * LOW HITPOINT WARNING * * *
You feel sick. The adder closely misses you.
* * * LOW HITPOINT WARNING * * *
You feel sick. The adder barely misses you.
* * * LOW HITPOINT WARNING * * *
You feel sick. The adder closely misses you.
You die...

...........##.##
#####.#..#.##.########
#.###.............# ##
#..##.#.######.#
#..#.##.#.# #.# ##
#.........# #.#..#
#.<#.##.### ####.##.#
#..#.##.# ##S##.##.#
#. ... #@#{#.##.# ####
####..##.# ##.##.##
#..K..# #######..#
.K.......# .#####.S.#
#...# ..S....!.#


You could see an adder.

Vanquished Creatures
  2 dart slugs (D:2)
  A leopard gecko (D:1)
  2 bats (D:1)
  2 giant cockroaches (D:1)
  5 goblins (D:1)
  3 hobgoblins (D:1)
  A quokka (D:2)
  A ball python (D:1)
  3 frilled lizards
  A kobold (D:1)
  5 rats
26 creatures vanquished.

Notes
Turn   | Place    | Note
-------+----------+-------------------------------------------
     0 | Abyss:1  | KnightedAnt the Formicid Abyssal Knight began the quest for the Orb.
     0 | Abyss:1  | Reached XP level 1. HP: 18/18 MP: 2/2
    56 | Abyss:2  | Noticed a neqoxec
    94 | Abyss:2  | Noticed a guardian serpent
    98 | D:1      | Escaped the Abyss
   191 | D:1      | Reached skill level 1 in Dodging
   306 | D:1      | Reached * piety under Lugonu
   580 | D:1      | Reached XP level 2. HP: 24/24 MP: 3/3
   911 | D:1      | Reached XP level 3. HP: 29/29 MP: 4/4
  1171 | D:2      | Found a white marble altar of Elyvilon.
  1265 | D:2      | HP: 1/29 [poisoned by an adder]
  1266 | D:2      | Succumbed to an adder's poison

Skill      XL: |  1 |
---------------+----+-----
Dodging        | 1 |  1.3
Fighting       | |  3.6
Maces & Flails | |  2.3
Armour         | |  2.6
Invocations    | |  2.7

Action                   || total
-------------------------++-------
Melee: Mace              ||    90
Invok: Depart the Abyss  ||     1
 Abil: Dig               ||     2
  Eat: Chunk             ||     1
Armor: Leather armour    ||    29
Dodge: Dodged            ||    69
